 Dungeon Crawl Stone Soup version 0.19-a0-905-ge5e6a15 (console) character file.

70 utis the Slasher (level 4, 0/35 HPs)
             Began as a Formicid Fighter on July 5, 2016.
             Succumbed to an adder's poison
             ... on level 2 of the Dungeon.
             The game lasted 00:06:22 (2069 turns).

utis the Slasher (Formicid Fighter)                 Turns: 2069, Time: 00:06:23

Health: 0/35       AC:  6    Str: 20    XL:     4   Next: 44%
Magic:  4/4        EV: 12    Int:  8    God:
Gold:   75         SH: 10    Dex: 16    Spells: 0 memorised, 3 levels left

rFire  . . .     SeeInvis +     a - +0 long sword
rCold  . . .     Gourm    .     b - +0 scale mail
rNeg   . . .     Faith    .     c - +0 shield
rPois  .         Spirit   .     (helmet unavailable)
rElec  .         Dismiss  .     (no cloak)
rCorr  .         Reflect  .     (no gloves)
SustAt .         Harm     .     (no boots)
MR     .....                    (no amulet)
Stlth  +.........               (no ring)
                                (no ring)

@: agile, lethally poisoned (0 -> -1), not resistant to hostile enchantments,
very unstealthy
A: permanent stasis, dig shafts and tunnels, four strong arms, antennae 3
a: Dig, Shaft Self


You were on level 2 of the Dungeon.
You were not hungry.

You visited 1 branch of the dungeon, and saw 2 of its levels.

You collected 75 gold pieces.

Inventory:

Hand Weapons
 a - a +0 long sword (weapon)
 e - a +0 spear
Missiles
 h - 22 sling bullets
 i - 5 needles of confusion
 m - 61 stones (quivered)
 n - 21 arrows
Armour
 b - a +0 scale mail (worn)
 c - a +0 shield (worn)
 g - a +0 pair of gloves
Jewellery
 q - an uncursed ring of sustain attributes {unknown}
Scrolls
 j - a scroll of noise {unknown}
 l - 2 scrolls of remove curse {unknown}
Potions
 d - a potion of might
Comestibles
 f - 3 bread rations {@e1}
 k - a beef jerky {@e2}
 p - 2 chunks of flesh


   Skills:
 - Level 3.2 Fighting
 * Level 4.3 Long Blades
 - Level 3.2 Armour
 - Level 3.6 Shields


You had 3 spell levels left.
You didn't know any spells.

Dungeon Overview and Level Annotations

Branches:
Dungeon (2/15)

Altars:


Innate Abilities, Weirdness & Mutations

You are under a permanent stasis effect.
You can dig through walls and to a lower floor.
Your four strong arms can wield two-handed weapons with a shield.
You have a pair of large antennae on your head. (SInv)


Message History

You feel sick.
* * * LOW HITPOINT WARNING * * *
You feel sick.
* * * LOW HITPOINT WARNING * * *
You feel sick.
* * * LOW HITPOINT WARNING * * *
You feel sick.
* * * LOW HITPOINT WARNING * * *
You feel sick.
* * * LOW HITPOINT WARNING * * *
You feel sick.
* * * LOW HITPOINT WARNING * * *
You feel sick.
* * * LOW HITPOINT WARNING * * *
You feel sick.
* * * LOW HITPOINT WARNING * * *
You feel sick.
Some of the chunks of flesh in your inventory have rotted away.
Unknown command.
You die...

░░░░░░░ ░.....░ ░░░░░░░░░.░░░.░
░░░░░░░░░░░░░░░.......░.░ ░.░
................a.....░.░░░.░░░░░
....░░░░░░░░░░░.......░.░░....÷..
░░░.░ ░..............░░░░░ ░.░
░........░.░...░░ ░.░
░........░......░ ░.░
░........░░░...░░ ░░.░░░
░.░░░░░░░░ ░░.░░ ░....░ ░.░ ░.░
░░░░░░ ░.░ ░.░


There were no monsters in sight!

Vanquished Creatures
  2 adders (D:2)
  A worm (D:2)
  2 giant geckos (D:1)
  A giant cockroach (D:1)
  2 gnoll zombies (D:2)
  9 goblins
  4 hobgoblins (D:1)
  4 jackals (D:1)
  5 kobolds (D:2)
  A quokka (D:2)
  4 bats
  A giant newt (D:2)
  7 rats
43 creatures vanquished.

Vanquished Creatures (others)
  A plant (D:2)
1 creature vanquished.

Grand Total: 44 creatures vanquished

Notes
Turn   | Place    | Note
-------+----------+-------------------------------------------
     0 | D:1      | utis the Formicid Fighter began the quest for the Orb.
     0 | D:1      | Reached XP level 1. HP: 18/18 MP: 1/1
   247 | D:1      | Reached XP level 2. HP: 20/24 MP: 2/2
   476 | D:1      | Reached skill level 3 in Long Blades
   759 | D:1      | Reached XP level 3. HP: 27/29 MP: 3/3
  1412 | D:2      | Reached skill level 4 in Long Blades
  1412 | D:2      | Reached XP level 4. HP: 25/35 MP: 4/4
  2061 | D:2      | HP: 1/35 [poisoned by an adder]
  2069 | D:2      | Succumbed to an adder's poison

Vault maps used:
D:1:      dpeg_arrival_rooms_c
D:2:      lemuel_zombie_altar_yredelemnul, gammafunk_temple_overflow_elements,
          lexackson_kobold_supper, uniq_terence

Skill      XL: |  1  2  3 |
---------------+----------+-----
Long Blades    | 3 4 |  4.3
Fighting       | |  3.2
Armour         | |  3.2
Shields        | |  3.6

Action                   |  1- 3 |  4- 6 || total
-------------------------+-------+-------++-------
Melee: Long sword        |   127 |    63 ||   190
Throw: Stone             |     2 |     7 ||     9
 Abil: Dig               |     1 |       ||     1
  Use: Potion            |       |     1 ||     1
  Eat: Chunk             |     1 |     3 ||     4
Armor: Scale mail        |    34 |    24 ||    58
Dodge: Dodged            |    29 |    19 ||    48
Block: Shield            |    41 |    27 ||    68
